 Dungeon Crawl Stone Soup version 0.29-a0-422-gafbd6decc1 (webtiles) character file.

Game seed: 8342518922808631485

752 HendSelp the Spear-Bearer (level 7, -2/44 HPs)
             Began as a Tengu Fighter on May 18, 2022.
             Slain by Dowan
             ... wielding a +4 dagger of venom
              (9 damage)
             ... on level 5 of the Dungeon.
             The game lasted 00:04:14 (4358 turns).

HendSelp the Spear-Bearer (Tengu Fighter)           Turns: 4358, Time: 00:04:15

Health: -2/44      AC: 13    Str: 18    XL:     7   Next: 78%
Magic:  8/8        EV:  8    Int:  8    God:
Gold:   395        SH:  0    Dex: 14    Spells: 6/6 levels left

rFire   . . .      SeeInvis .   g - +5 scythe (vorpal)
rCold   + . .      Faith    .   (shield currently unavailable)
rNeg    . . .      Spirit   .   k - +0 chain mail
rPois   .          Reflect  .   (helmet restricted)
rElec   .          Harm     .   n - +0 cloak
rCorr   .          Rampage  .   l - +2 pair of gloves
Will    .....                   (boots unavailable)
Stlth   ..........              (no amulet)
HPRegen 0.14/turn               c - ring of protection from cold
MPRegen 0.11/turn               (no ring)

@: lethally poisoned (-2 -> -20), flying quickly and evasively, quick
A: beak, talons 3, nimble flight
a: no special abilities


You were on level 5 of the Dungeon.
You visited 1 branch of the dungeon, and saw 5 of its levels.

You collected 395 gold pieces.

Inventory:

Hand Weapons
 g - a +5 vorpal scythe (weapon)
Armour
 k - a +0 chain mail (worn)
 l - a +2 pair of gloves (worn)
 n - a +0 cloak (worn)
Jewellery
 c - a ring of protection from cold (left hand)
Scrolls
 b - a scroll of identify
 e - 2 scrolls of amnesia
 i - 2 scrolls of silence
 m - a scroll of poison
Potions
 a - a potion of mutation
 d - 2 potions of might


   Skills:
 + Level 5.0 Fighting
 + Level 8.3 Polearms
 - Level 3.2 Armour
 - Level 3.0 Shields


You had 6 spell levels left.
You didn't know any spells.
Your spell library contained the following spells:

 Spells                   Type           Power      Damage    Failure   Level
 Ozocubu's Armour         Ice            0%         N/A       100%        3
 Ozocubu's Refrigeration  Ice            0%         4d5       100%        7


Dungeon Overview and Level Annotations

Branches:
Dungeon (5/15)
 Temple: D:4-7

Altars:
Lugonu

Portals:
Abyss: D:1

Annotations:
D:1 2 runed translucent doors
D:4 1 runed translucent door, pigah's ghost, amateur OpAE
D:5 Dowan


Innate Abilities, Weirdness & Mutations

You have a beak for a mouth.
You have claws for feet.
Your magical nature lets you fly swiftly and evasively.


Message History

You hit Dowan.
Dowan is moderately wounded.
You feel very sick. The adder bites you but does no damage.
Dowan says, "How can I live without her?"
Dowan struggles against the net.
The adder bites you but does no damage.
Dowan mumbles some strange words.
Dowan blinks!
Unknown command.
Reach: g) +5 scythe (vorpal)
Press: ? - help, Dir - move target, f/p - Dowan
Aim: Dowan, wielding a +4 dagger of venom and wearing a +0 robe (moderately wounded, fast, about 46% to evade your +5 vorpal scythe)
You completely miss Dowan. You claw Dowan.
Dowan is heavily wounded.
You feel very sick. The adder bites you but does no damage.
The adder closely misses you. Dowan hits you but does no damage.
You are more poisoned.
Unknown command.
Reach: g) +5 scythe (vorpal)
Press: ? - help, Dir - move target, f/p - Dowan
Aim: Dowan, wielding a +4 dagger of venom and wearing a +0 robe (heavily wounded, fast, about 46% to evade your +5 vorpal scythe)
You closely miss Dowan. You claw Dowan. You peck Dowan, but do no damage.
Dowan is heavily wounded.
You feel very sick. The adder closely misses you.
Dowan hits you but does no damage.
You are lethally poisoned!
The adder bites you but does no damage. Dowan hits you but does no damage.
You are more poisoned.
Unknown command.
Reach: g) +5 scythe (vorpal)
Press: ? - help, Dir - move target, f/p - Dowan
Aim: Dowan, wielding a +4 dagger of venom and wearing a +0 robe (heavily wounded, fast, about 46% to evade your +5 vorpal scythe)
You barely miss Dowan. Your kick misses Dowan.
Dowan is heavily wounded.
* * * LOW HITPOINT WARNING * * *
You feel extremely sick. Dowan barely misses you.
The adder bites you but does no damage.
Dowan hits you with a +4 dagger of venom!
You die...

#########
+........
#.....##
+....)e# ..
#...S@.#
....#######(#
..........#.#
###.....#
#..<#.###
#.#.#...
#.#.#.#.# #
....#(# #.#.#
#


You could see Dowan (fast) and an adder.

Vanquished Creatures
  Sigmund (D:4)
  Duvessa (D:5)
  A water moccasin (D:4)
  A black bear (D:4)
  A scorpion (D:4)
  3 jellies (D:4)
  3 gnolls (D:3)
  An adder (D:3)
  A shadow imp (D:4)
  3 dart slugs
  An orc (D:4)
  20 endoplasms
  3 giant cockroaches
  12 goblins
  11 hobgoblins
  3 jackals (D:4)
  13 kobolds
  4 quokkas
  7 ball pythons
  5 bats
  4 frilled lizards
  3 rats
102 creatures vanquished.

Vanquished Creatures (others)
  6 fungi (D:4)
  2 plants (D:3)
  9 toadstools
17 creatures vanquished.

Grand Total: 119 creatures vanquished

Notes
Turn   | Place    | Note
-------+----------+-------------------------------------------
     0 | D:1      | HendSelp the Tengu Fighter began the quest for the Orb.
     0 | D:1      | Reached XP level 1. HP: 14/14 MP: 2/2
    49 | D:1      | Reached XP level 2. HP: 19/19 MP: 3/3
    63 | D:1      | Found a large runed translucent door.
    63 | D:1      | Found a large runed translucent door.
    65 | D:1      | Found a corrupted altar of Lugonu.
    65 | D:1      | Found a one-way gate to the infinite horrors of the Abyss.
    65 | D:1      | Noticed a crimson imp
    66 | D:1      | Noticed a crimson imp
    66 | D:1      | Noticed a crimson imp
   615 | D:1      | Reached skill level 3 in Polearms
   616 | D:1      | Reached XP level 3. HP: 16/23 MP: 4/4
  2092 | D:2      | Reached XP level 4. HP: 29/29 MP: 5/5
  2483 | D:3      | Reached skill level 4 in Polearms
  2629 | D:3      | Found a faded altar of an unknown god.
  3078 | D:4      | Found a runed translucent door.
  3083 | D:4      | Noticed a black bear
  3084 | D:4      | Noticed a scorpion
  3087 | D:4      | Killed a scorpion
  3088 | D:4      | Reached skill level 5 in Polearms
  3088 | D:4      | Gained mutation: Your magical nature lets you fly swiftly
                  | and evasively. [Tengu growth]
  3088 | D:4      | Reached XP level 5. HP: 33/33 MP: 6/6
  3091 | D:4      | Killed a black bear
  3092 | D:4      | Reached skill level 6 in Polearms
  3092 | D:4      | Reached XP level 6. HP: 35/38 MP: 7/7
  3223 | D:4      | Noticed Sigmund
  3242 | D:4      | Killed Sigmund
  3399 | D:4      | Reached skill level 7 in Polearms
  3430 | D:4      | Reached XP level 7. HP: 44/44 MP: 8/8
  4283 | D:4      | Noticed pigah's ghost (amateur OpAE)
  4334 | D:5      | Entered Level 5 of the Dungeon
  4340 | D:5      | Noticed Duvessa
  4340 | D:5      | Noticed Dowan
  4346 | D:5      | Killed Duvessa
  4347 | D:5      | Reached skill level 5 in Fighting
  4347 | D:5      | Reached skill level 8 in Polearms
  4358 | D:5      | Slain by Dowan

Illustrated notes

Levels and vault maps discovered:
D:1:      erik_arrival_cave_to_civilisation [erik_arrival_cave_to_temple],
          layout_basic, minmay_stone_trees_small
D:2:      layout_loops_corners, chequers_serial_rivers_large_b, minmay_tripent
D:3:      layout_loops_ring, chequers_ecumenical_altar_lobes,
          minmay_gold_behind_fungi
D:4:      cheibrodos_fertilizer, layout_basic, ebering_ghost_reflecting_pool,
          minivault_26, corner_web_ring, amcnicky_mini_rare_corridor_liquid,
          uniq_sigmund
D:5:      layout_basic, uniq_duvessa, uniq_pikel

Skill      XL: |  1  2  3  4  5  6  7 |
---------------+----------------------+-----
Polearms       | 3 5 6 7 8 |  8.3
Fighting       | 4 5 |  5.0
Armour         | |  3.2
Shields        | |  3.0

Action                   |  1- 3 |  4- 6 |  7- 9 || total
-------------------------+-------+-------+-------++-------
Melee: Trident           |   101 |    54 |       ||   155
       Kick              |    11 |     9 |     8 ||    28
       Peck              |     6 |     6 |     5 ||    17
       Punch             |     1 |     1 |       ||     2
       Scythe            |       |    17 |    51 ||    68
       Unarmed           |       |     9 |       ||     9
Throw: Throwing net      |       |       |     2 ||     2
  Use: Scroll            |     8 |     3 |     2 ||    13
       Potion            |       |     3 |     2 ||     5
Armor: Scale mail        |    28 |       |       ||    28
       Chain mail        |       |    36 |    50 ||    86
       Skin              |       |     6 |       ||     6
Dodge: Dodged            |    27 |    22 |    26 ||    75
Block: Buckler           |     3 |       |       ||     3

Table legend: (Time is in decaauts)
 A = Elapsed time spent in this place.
 B = Non-inter-level travel time spent in this place.
 C = Inter-level travel time spent in this place.
 D = Time resting spent in this place.
 E = Time spent auto-exploring this place.
 F = Levels seen in this place.
 G = Mean time per level.
                   A        B        C        D        E       F      G
               +--------+--------+--------+--------+--------+-----+--------+
         Total |   4392 |   4281 |    111 |    100 |   3566 |   5 |  878.4 |
       Dungeon |   4392 |   4281 |    111 |    100 |   3566 |   5 |  878.4 |
               +--------+--------+--------+--------+--------+-----+--------+

Top non-repeatable levels by time:
     D:1: 1257 daAuts
     D:4: 1237 daAuts
     D:2: 1092 daAuts
     D:3: 774 daAuts
     D:5: 30 daAuts
